cohdb
Replays
Latest Replays
All Replays
Popular Replays
Top Player Replays
Match Explorer
How It Works
Community
CoH3 Stats
Reddit
Sign in to upload your games and track your stats! →
Sign in with Steam
Match 34479614
Unlisted
Match 34479614
Overview
Messages
Build Orders
End
Construct Barracks
Riflemen Squad
M1 Mortar Team
Riflemen Squad
Grenade Package
Riflemen Squad
Selects Advanced Infantry Battlegroup
Selects Convert to Ranger Squad
Construct Weapon Support Center
Infantry Support Center
Selects Frontline Medical Station
Frontline Medical Station
M3 Armored Personnel Carrier
M1918 Browning Automatic Rifles
Engineer Squad
Advanced Logistics
Ranger Squad
Selects Ranger Weapon Training
Captain Retinue
Ranger Squad
Riflemen Squad
Engineer Squad
Construct Tank Depot
Selects Ammunition Storage
Selects M2A1 105mm Howitzer Emplacement
Selects 155mm Rapid Artillery Barrage
155mm Rapid Artillery Barrage
M4A1 Sherman Medium Tank
ninja6398
용yong용
Kev1nnszn
99Frankenland99
76561197962546219
Thirtyjews
s73r01d
GhettoschinkenDeluxe2
0
0
Comments
sign in to comment!
No comments posted yet!